 Dungeon Crawl Stone Soup version 0.19-a0-659-g8260ecf (webtiles) character file.

65 Skanax the Skirmisher (level 3, 0/30 HPs)
             Began as a Demonspawn Abyssal Knight on June 15, 2016.
             Was a Follower of Lugonu.
             Succumbed to an adder's poison
             ... on level 2 of the Dungeon.
             The game lasted 00:05:45 (1788 turns).

Skanax the Skirmisher (Demonspawn Abyssal Knight)   Turns: 1788, Time: 00:05:46

Health: 0/30       AC:  4    Str: 10 (13) XL:     3   Next: 94%
Magic:  5/5        EV: 11    Int: 12 (13) God:    Lugonu [*.....]
Gold:   112        SH:  2    Dex: 12      Spells: 0 memorised, 2 levels left

rFire  + . .     SeeInvis .     a - +1 hand axe
rCold  x . .     Gourm    .     b - +1 leather armour
rNeg   . . .     Faith    .     (no shield)
rPois  .         Spirit   .     (no helmet)
rElec  .         Dismiss  .     (no cloak)
rCorr  .         Reflect  +     (no gloves)
SustAt .         Harm     .     (no boots)
MR     .....                    e - +2 amulet of reflection
Stlth  +.........               (no ring)
                                f - ring of fire

@: lethally poisoned (0 -> -5), not resistant to hostile enchantments, very
unstealthy
A: hooves 1
a: Depart the Abyss, Renounce Religion


You were on level 2 of the Dungeon.
You worshipped Lugonu.
Lugonu was aware of your devotion.
You were not hungry.

You visited 1 branch of the dungeon, and saw 2 of its levels.
You visited the Abyss 1 time.

You collected 112 gold pieces.

Inventory:

Hand Weapons
 a - a +1 hand axe (weapon)
Missiles
 i - 4 tomahawks (quivered)
Armour
 b - a +1 leather armour (worn)
Jewellery
 e - a +2 amulet of reflection (around neck)
 f - a ring of fire (left hand)
Scrolls
 j - a scroll of teleportation
Comestibles
 c - 3 bread rations
 d - 3 chunks of flesh
 g - a slice of pizza


   Skills:
 + Level 4.0 Fighting
 + Level 2.1 Axes
 + Level 2.0 Armour
 + Level 1.6 Dodging
 + Level 2.7 Invocations


You had 2 spell levels left.
You didn't know any spells.

Dungeon Overview and Level Annotations

Branches:
Dungeon (2/15)

Altars:


Innate Abilities, Weirdness & Mutations

You have large cloven feet.


Message History

You hit the adder. You kick the adder, but do no damage.
The adder is almost dead.
You feel sick. The adder bites you.
* * * LOW HITPOINT WARNING * * *
You are more poisoned.
The adder poisons you! The adder barely misses you.
You closely miss the adder.
The adder is almost dead.
* * * LOW HITPOINT WARNING * * *
You feel sick. The adder closely misses you.
You closely miss the adder. Your kick misses the adder.
The adder is almost dead.
* * * LOW HITPOINT WARNING * * *
You feel sick. The adder bites you but does no damage. The adder bites you.
* * * LOW HITPOINT WARNING * * *
* * * LOW HITPOINT WARNING * * *
You feel sick.
* * * LOW HITPOINT WARNING * * *
You feel sick. The adder bites you but does no damage.
You die...

....... ....... .......
....... ######.<.....
############....).......
...........#S#.######### .
#...................
..######.##.##@...........
....###.##....#.....<....#
#...#.#................#
########....................#
............................#
#####......#####............#
#(.....# #....#.........#
##......###.##.#.........#
#........##..##.#.........#


You could see an adder.

Vanquished Creatures
  2 adders (D:2)
  A worm (D:2)
  2 dart slugs
  4 giant geckos
  3 ball pythons
  2 giant cockroaches (D:1)
  A goblin (D:2)
  5 hobgoblins
  3 quokkas (D:2)
  2 giant newts (D:2)
  6 kobolds
  5 rats
36 creatures vanquished.

Notes
Turn   | Place    | Note
--------------------------------------------------------------
     0 | Abyss:1  | Skanax the Demonspawn Abyssal Knight began the quest for the Orb.
     0 | Abyss:1  | Reached XP level 1. HP: 18/18 MP: 2/2
    11 | D:1      | Escaped the Abyss
    42 | D:1      | Reached skill level 1 in Dodging
   192 | D:1      | Reached * piety under Lugonu
   287 | D:1      | Gained mutation: You have large cloven feet. [demonic ancestry]
   287 | D:1      | Reached XP level 2. HP: 24/24 MP: 3/3
  1358 | D:2      | Reached XP level 3. HP: 30/30 MP: 4/4
  1773 | D:2      | Reached skill level 4 in Fighting
  1784 | D:2      | HP: 1/30 [poisoned by an adder]
  1788 | D:2      | Succumbed to an adder's poison

Vault maps used:
D:1:      dpeg_arrival_refuge

Skill      XL: |  1  2  3 |
---------------+----------+-----
Dodging        | 1 |  1.6
Armour         | 2 |  2.0
Axes           | 2 |  2.1
Fighting       | 4 |  4.0
Invocations    | |  2.7

Action                   || total
-------------------------++-------
Melee: Hand axe          ||   127
       Kick              ||    15
Invok: Depart the Abyss  ||     1
  Use: Potion            ||     5
       Scroll            ||     4
  Eat: Chunk             ||     3
Armor: Leather armour    ||    42
Dodge: Dodged            ||    77
Block: Other             ||     3
